 Dungeon Crawl Stone Soup version 0.27-a0-333-gfa571bf19a (webtiles) character file.

Game seed: 6627191127728999471

164336 ismpop the Warrior (level 17, -9/157 HPs)
             Began as a Minotaur Berserker on Feb 11, 2021.
             Was a Priest of Trog.
             Mangled by a spriggan rider
             ... wielding a +0 spear
              (14 damage)
             ... on level 1 of the Swamp on Feb 12, 2021.
             The game lasted 03:11:20 (40013 turns).

ismpop the Warrior (Minotaur Berserker)            Turns: 40013, Time: 03:11:21

Health: -9/157     AC: 34    Str: 26 (28) XL:     17   Next: 0%
Magic:  16/16      EV: 10    Int:  3 (4)  God:    Trog [***...]
Gold:   24         SH: 12    Dex: 10 (14) Spells: 16/16 levels left

rFire    + + +     SeeInvis .   j - +9 lance "Wyrmbane" {slay drac, rPois rF+ rC+ AC+3}
rCold    + + +     Faith    .   a - +0 buckler {rC+}
rNeg     + + +     Spirit   .   s - +1 crystal plate armour {rC+}
rPois    +         Reflect  +   N - +2 hat
rElec    .         Harm     .   o - scarf {rC+ rF+}
rCorr    +         Rampage  .   c - +1 pair of gloves of Arosk {+Blink Str+2 Dex-3}
Will     +....                  g - +0 pair of boots
Stlth    ..........             O - amulet of reflection
HPRegen  0.36/turn              S - ring of Umodgh {Fire rPois rN+++ Str-2 Dex+6}
MPRegen  0.15/turn              B - ring of resist corrosion

@: berserk cooldown, slowed, very slow
A: retaliatory headbutt, horns 2
}: 1/15 runes: gossamer
a: Renounce Religion, Evoke Blink, Berserk, Trog's Hand


You were on level 1 of the Swamp.
You worshipped Trog.
Trog was most pleased with you.
You visited 5 branches of the dungeon, and saw 28 of its levels.
You also visited: Ossuary, Bailey, Gauntlet and Ice Cave.

You collected 2843 gold pieces.
You spent 2819 gold pieces at shops.

Inventory:

Hand Weapons
 j - the +9 lance "Wyrmbane" (weapon) {slay drac, rPois rF+ rC+ AC+3}
   (You took it off Maggie on level 6 of the Dungeon)

   It affects your AC (+3).
   It protects you from fire.
   It protects you from cold.
   It protects you from poison.
 A - a +2 eveningstar of draining
 E - a +1 demon whip of protection
Missiles
 P - 22 silver javelins
Armour
 a - a +0 buckler of cold resistance (worn)
 c - the +1 pair of gloves of Arosk (worn) {+Blink Str+2 Dex-3}
   (You acquired it on level 1 of the Spider Nest)

   It affects your strength (+2).
   It affects your dexterity (-3).
   It lets you blink.
 g - a +0 pair of boots (worn)
 o - a scarf of resistance (worn)
 s - a +1 crystal plate armour of cold resistance (worn)
 N - a +2 hat (worn)
Jewellery
 e - a +6 ring of dexterity
 q - a ring of magical power {unknown}
 y - a +6 ring of dexterity
 B - a ring of resist corrosion (right hand)
 O - an amulet of reflection (around neck)
 S - the ring of Umodgh (left hand) {Fire rPois rN+++ Str-2 Dex+6}
   (You found it in a Gauntlet)

   [ring of fire]

   It enhances your fire magic.
   It affects your strength (-2).
   It affects your dexterity (+6).
   It protects you from fire.
   It makes you vulnerable to cold.
   It protects you from poison.
   It renders you almost immune to negative energy.
Wands
 b - a wand of random effects (21)
 m - a wand of paralysis (23)
 t - a wand of polymorph (11)
 u - a wand of charming (7)
 w - a wand of digging (11)
 J - a wand of mindburst (12)
 Q - a wand of flame (15)
Scrolls
 f - 9 scrolls of teleportation
 z - a scroll of holy word
 K - a scroll of blinking
Potions
 d - 15 potions of ambrosia
 h - a potion of flight
 k - 13 potions of curing
 n - 3 potions of lignification
 p - a potion of might
 r - a potion of resistance
 x - 5 potions of berserk rage
 D - a potion of haste
Miscellaneous
 C - a phantom mirror (inert)
 G - a lightning rod (4/4)
 U - a phial of floods


   Skills:
 * Level 15.7 Fighting
 + Level 13.9 Maces & Flails
 * Level 12.9 Polearms
 + Level 4.4 Throwing
 * Level 15.7 Armour
 * Level 12.4 Dodging
 * Level 14.1 Shields
 + Level 8.6 Evocations


You had 16 spell levels left.
You didn't know any spells.
Your spell library contained the following spells:

 Spells                   Type           Power        Failure   Level
 Borgnjor's Revivificati  Necr           0%           100%        8
 Infestation              Necr           0%           100%        8
 Necromutation            Tmut/Necr      0%           100%        8
 Death's Door             Necr           0%           100%        9


Dungeon Overview and Level Annotations

Branches:
Dungeon (14/15)            Temple (0/1) D:4            Lair (6/6) D:11
  Swamp (2/4) Lair:3       Spider (4/4) Lair:4        Slime (0/5) Lair:6
    Orc (2/2) D:12            Elf (0/3) Orc:2       Ossuary (visited)
 Bailey (visited)           IceCv (visited)         Gauntlet (visited)
 Vaults: D:13-14

Altars:
Elyvilon
Gozag
Hepliaklqana
Kikubaaqudgha
Qazlal
Ru
Vehumet
Wu Jian
Zin
Jiyva

Shops:
D:8 *   D:10 *   D:12 !   D:13 *   Orc:2 ?*[:

Portals:
Abyss: Spider:3

Annotations:
D:2 Natasha
D:7 1 runed translucent door
Spider:3 2 transporters, Ifure's ghost, journeyman CeHu


Innate Abilities, Weirdness & Mutations

You reflexively headbutt those who attack you in melee.
You have a pair of horns on your head.


Message History

You feel sick.
The swamp worm fires a harpoon shot at you.
The harpoon shot hits you!
* * * LOW HITPOINT WARNING * * *
You are yanked forward by the harpoon shot.
You block the swamp worm's attack. You block the spriggan rider's attack.
The swamp worm bites you but does no damage.
You feel much better. You block the swamp worm's attack.
The swamp worm bites you but does no damage.
The spriggan rider hits you but does no damage. x2
The swamp worm bites you. You block the swamp worm's attack.
The spriggan rider barely misses you. The spriggan rider misses you.
You feel sick.
You are no longer poisoned.
The swamp worm no longer looks unusually strong.
The swamp worm bites you!
* * * LOW HITPOINT WARNING * * *
You block the spriggan rider's attack.
The spriggan rider hits you from afar with a +0 spear!
* * * LOW HITPOINT WARNING * * *
The swamp worm closely misses you. The swamp worm barely misses you.
You see here 10 gold pieces.
A bloated husk comes into view.
You block the spriggan rider's attack.
The spriggan rider hits you from afar with a +3 spear of venom!
* * * LOW HITPOINT WARNING * * *
You block the spriggan rider's attack.
There is a staircase back to the Lair, spattered with blood here.
The swamp worm bites you but does no damage.
You block the swamp worm's attack. You block the spriggan rider's attack.
The bloated husk explodes!
The blast of putrescent gases engulfs you!!
* * * LOW HITPOINT WARNING * * *
The blast of putrescent gases engulfs the spriggan rider!!
The blast of putrescent gases engulfs the swamp worm!!
The swamp worm dies!
The blast of putrescent gases engulfs the swamp worm!!
The swamp worm bites you but does no damage.
The spriggan rider hits you with a +0 spear!
You die...

.(...$..♣ ♣≈≈♣♣
#..≈≈.≈.♣♣≈≈≈≈♣
..≈.≈.≈≈≈≈≈≈≈♣♣♣ .#
.≈.≈.≈≈≈≈≈≈≈≈.♣♣
... ♣....≈ ≈≈≈≈♣..♣
##.. ♣..≈♣♣≈≈≈≈≈≈..
#...♣ ♣≈..>♣♣..≈≈.≈
....≈♣♣.$..≈≈..≈..≈
..≈....@w≈≈♣...♣♣.≈
♣♣≈..≈†i≈i§♣♣♣.♣
♣♣♣..[.≈≈.♣♣♣.♣
♣♣≈≈[.$.≈≈...
♣.≈≈♣..≈≈§≈≈
♣.......≈≈≈≈
♣≈§≈......).
≈..≈..#####..
.≈≈....# .


You could see 2 spriggan riders and a swamp worm.

Vanquished Creatures
  A fenstrider witch (Lair:3)
  3 emperor scorpions
  4 ghost moths
  A reaper (IceCv)
  A stone giant (Orc:2)
  Nessos (D:13)
  Azrael (Spider:1)
  An entropy weaver (Spider:4)
  An eleionoma (Lair:3)
  2 ogre magi (Orc:2)
  3 hydras
  A boulder beetle (Lair:6)
  2 centaur warriors (D:14)
  2 catoblepae (Lair:6)
  Erica (Orc:1)
  8 two-headed ogres
  12 death yaks
  2 death scarabs (Gauntlet)
  Urug (Orc:2)
  An alligator (Swamp:2)
  A spectral catoblepas (Gauntlet)
  A goliath frog (Swamp:1)
  2 spriggan druids
  2 deep trolls (Orc:2)
  2 unseen horrors (D:14)
  A spectral hydra (Gauntlet)
  2 deep elf pyromancers
  4 orc sorcerers
  A wolf spider zombie (D:13)
  16 orb spiders
  3 orc knights
  2 manticores
  22 wolf spiders
  12 ugly things
  2 cyclopes
  15 elephants
  5 black mambas
  4 moths of wrath
  An ice statue (IceCv)
  A torpor snail (Lair:3)
  5 cane toads
  Maggie (D:6)
  Psyche (D:10)
  3 kobold demonologists
  9 demonic crawlers
  7 ice devils (IceCv)
  14 komodo dragons
  3 rime drakes
  A tyrant leech (Lair:3)
  A queen bee (Spider:2)
  3 meliai
  12 trolls
  20 jumping spiders
  6 hornets
  Prince Ribbit (D:8)
  4 polar bears
  2 large abominations (Gauntlet)
  11 blink frogs
  A meliai zombie (D:12)
  A centaur simulacrum (D:10)
  49 redbacks
  8 wyverns
  5 wraiths
  61 yaks
  Sigmund (D:6)
  2 shadows (D:14)
  2 fire elementals (Spider:1)
  21 tarantellas
  A vampire (D:13)
  3 basilisks
  5 wargs
  A naga (shapeshifter) (D:13)
  An acid dragon (D:11)
  8 hell hounds
  15 water moccasins
  Duvessa (D:6)
  25 orc warriors
  An eye of draining (D:12)
  4 sky beasts
  5 ice beasts
  8 black bears
  11 wolves
  20 ogres
  12 centaurs
  A phantom (D:10)
  3 kobold brigands
  23 bullfrogs
  A gnoll sergeant (D:9)
  Dowan (D:6)
  7 scorpions
  16 wights
  42 killer bees
  5 electric eels
  7 crimson imps (D:10)
  6 howler monkeys
  2 bullfrog zombies
  6 jellies
  4 centaur zombies
  3 hounds
  A human zombie (Ossuary)
  A bullfrog skeleton (D:10)
  14 orc priests
  Crazy Yiuf (D:7)
  3 centaur skeletons
  5 iguanas
  Natasha (D:2)
  13 orc wizards
  13 worker ants
  6 small abominations (Gauntlet)
  2 mummies (Ossuary)
  A hound skeleton (D:6)
  A worker ant zombie (D:11)
  A howler monkey zombie (D:9)
  6 gnolls
  A howler monkey skeleton (D:10)
  13 adders
  4 shadow imps
  11 white imps
  A worker ant simulacrum (D:10)
  9 ufetubi
  An ooze (D:5)
  3 adder zombies
  3 adder skeletons
  A dart slug (D:3)
  5 leopard geckos
  77 orcs
  3 ball pythons
  8 giant cockroaches
  5 hobgoblins
  12 jackals
  21 kobolds
  A quokka (D:2)
  6 bats
  4 frilled lizards
  7 goblins
  13 hobgoblin zombies (Ossuary)
  A jackal skeleton (D:4)
  3 jackal zombies (Ossuary)
  9 kobold zombies (Ossuary)
  A leopard gecko skeleton (D:8)
  2 leopard gecko zombies
  6 orc zombies (Ossuary)
  A quokka zombie (D:8)
  6 rats
  A rat zombie (Ossuary)
  A butterfly (Lair:4)
960 creatures vanquished.

Vanquished Creatures (collateral kills)
  An emperor scorpion (Spider:4)
  A dire elephant (Lair:6)
  An entropy weaver (Spider:4)
  A minotaur (Gauntlet)
  An ogre mage (D:11)
  4 two-headed ogres
  A deep troll shaman (Lair:6)
  2 death yaks (Lair:6)
  4 orb spiders
  4 wolf spiders
  An orc sorcerer (Orc:1)
  A black mamba (Lair:3)
  2 elephants (Lair:6)
  An ice statue (IceCv)
  A cane toad (Lair:3)
  A torpor snail (Lair:6)
  2 ice devils (IceCv)
  2 trolls
  2 hornets (Spider:4)
  5 jumping spiders (Spider:4)
  3 tarantellas (Spider:4)
  4 redbacks
  8 yaks
  3 orc warriors
  An eye of draining (D:11)
  4 ogres
  2 orc priests
  3 orc wizards (Orc:1)
  5 adders (Lair:3)
  3 white imps (IceCv)
  An ufetubus (IceCv)
  5 orcs
  3 goblins (Orc:1)
83 creatures vanquished.

Vanquished Creatures (others)
  A ghost moth (Spider:4)
  4 bloated husks (Swamp:1)
  A spriggan (Swamp:1)
  A swamp worm (Swamp:1)
  5 white imps (IceCv)
  2 ufetubi (IceCv)
  A bush (Lair:3)
  77 fungi
  107 plants
199 creatures vanquished.

Grand Total: 1242 creatures vanquished

Notes
Turn   | Place    | Note
-------+----------+-------------------------------------------
     0 | D:1      | ismpop the Minotaur Berserker began the quest for the Orb.
     0 | D:1      | Reached XP level 1. HP: 19/19 MP: 0/0
   354 | D:1      | Reached XP level 2. HP: 21/27 MP: 1/1
  1189 | D:2      | Reached ** piety under Trog
  1225 | D:2      | Found a white marble altar of Elyvilon.
  1331 | D:2      | Reached XP level 3. HP: 33/33 MP: 2/2
  1953 | D:2      | Found an ancient bone altar of Kikubaaqudgha.
  1974 | D:2      | Noticed Natasha
  1989 | D:2      | Killed Natasha
  1990 | D:2      | Reached XP level 4. HP: 26/41 MP: 3/3
  2100 | D:2      | Noticed Natasha
  2297 | D:3      | You fall into a shaft and drop 2 floors!
  2297 | D:5      | Entered Level 5 of the Dungeon
  2357 | D:5      | Found a sand-covered staircase.
  2362 | Ossuary  | Entered an ossuary
  2600 | Ossuary  | Reached *** piety under Trog
  2608 | Ossuary  | Reached XP level 5. HP: 47/47 MP: 4/4
  2620 | Ossuary  | Reached skill level 5 in Fighting
  2620 | Ossuary  | Reached skill level 5 in Maces & Flails
  2640 | Ossuary  | Reached XP level 6. HP: 49/56 MP: 5/5
  2982 | D:4      | Found a staircase to the Ecumenical Temple.
  3294 | D:4      | Found an opulent altar of Gozag.
  3398 | D:4      | Reached **** piety under Trog
  4032 | D:3      | You fall into a shaft and drop 2 floors!
  4217 | D:3      | Found a faded altar of an unknown god.
  4347 | D:3      | Found an ornate altar of the Wu Jian Council.
  4631 | D:5      | You fall into a shaft and drop 2 floors!
  4665 | D:7      | Reached skill level 5 in Armour
  4675 | D:6      | Noticed Sigmund
  4703 | D:6      | Killed Sigmund
  4704 | D:6      | Reached XP level 7. HP: 48/62 MP: 6/6
  5285 | D:6      | Reached skill level 5 in Dodging
  5564 | D:6      | Noticed Duvessa
  5564 | D:6      | Noticed Dowan
  5586 | D:6      | Killed Duvessa
  5587 | D:6      | Reached XP level 8. HP: 71/71 MP: 7/7
  5591 | D:6      | Killed Dowan
  5685 | D:6      | Noticed Maggie
  5690 | D:6      | Reached skill level 1 in Evocations
  5708 | D:6      | Killed Maggie
  6321 | D:6      | Found a hazy altar of Hepliaklqana.
  6743 | D:7      | Found a glowing silver altar of Zin.
  6743 | D:7      | Noticed an angel
  6744 | D:7      | Found a runed translucent door.
  7048 | D:7      | Reached skill level 1 in Polearms
  7067 | D:7      | Reached XP level 9. HP: 68/81 MP: 8/8
  7344 | D:7      | Found a runed translucent door.
  7345 | D:7      | Noticed Crazy Yiuf
  7352 | D:7      | Killed Crazy Yiuf
  7660 | D:7      | Found a stormy altar of Qazlal.
  7822 | D:8      | Reached skill level 1 in Shields
  7845 | D:8      | Found Hewuloep's Assorted Antiques.
  7850 | D:8      | Bought a scroll of teleportation for 81 gold pieces
  7850 | D:8      | Bought a scroll of enchant armour for 202 gold pieces
  8002 | D:8      | Noticed Prince Ribbit
  8018 | D:8      | Killed Prince Ribbit
  8044 | D:8      | Found a radiant altar of Vehumet.
  8327 | D:8      | Noticed a two-headed ogre
  8335 | D:8      | Killed a two-headed ogre
  9095 | D:8      | Reached ***** piety under Trog
  9096 | D:8      | Reached XP level 10. HP: 91/91 MP: 9/9
 10328 | D:9      | Reached skill level 5 in Shields
 11074 | D:10     | Entered Level 10 of the Dungeon
 11318 | D:10     | Received a gift from Trog
 11407 | D:10     | Reached skill level 10 in Fighting
 11407 | D:10     | Reached skill level 10 in Maces & Flails
 11413 | D:10     | Noticed Psyche
 11427 | D:10     | Noticed a brown ugly thing
 11430 | D:10     | Killed Psyche
 11451 | D:10     | Killed a brown ugly thing
 11452 | D:10     | Reached XP level 11. HP: 61/99 MP: 10/10
 11494 | D:10     | Got a fading chain mail
 11771 | D:10     | Reached skill level 10 in Armour
 11845 | D:10     | Identified the +1 chain mail "Oskolao" {rF+ rC+} (You found
                  | it on level 10 of the Dungeon)
 11889 | D:10     | Found Moimaewn's General Store.
 11902 | D:10     | Bought a scroll of teleportation for 42 gold pieces
 11902 | D:10     | Bought a scroll of magic mapping for 49 gold pieces
 13572 | D:11     | Reached skill level 5 in Polearms
 13674 | D:11     | Noticed a two-headed ogre
 13675 | D:11     | Noticed an ogre mage
 13677 | D:11     | Noticed a two-headed ogre
 13677 | D:11     | Noticed a two-headed ogre
 13683 | D:11     | Killed a two-headed ogre
 13685 | D:11     | Killed an ogre mage
 13687 | D:11     | Killed a two-headed ogre
 13689 | D:11     | Killed a two-headed ogre
 13944 | D:11     | Noticed a white ugly thing
 13964 | D:11     | Killed a white ugly thing
 14218 | D:11     | Paralysed by a hornet for 2 turns
 14481 | D:11     | Found a staircase to the Lair.
 14586 | D:11     | Noticed a green ugly thing
 14606 | D:11     | Killed a green ugly thing
 14786 | D:11     | You fall into a shaft and drop 3 floors!
 14791 | D:14     | Killed an unseen horror
 14792 | D:14     | Reached XP level 12. HP: 110/110 MP: 11/11
 14809 | D:14     | Noticed a centaur warrior
 14814 | D:14     | Noticed a centaur warrior
 14816 | D:14     | Reached skill level 5 in Evocations
 14845 | D:14     | Killed a centaur warrior
 14845 | D:14     | Received a gift from Trog
 14847 | D:14     | Killed a centaur warrior
 15741 | D:12     | Found a staircase to the Orcish Mines.
 16663 | D:12     | Reached XP level 13. HP: 85/118 MP: 12/12
 16749 | D:12     | Found Afuak's Distillery.
 16757 | D:12     | Bought a potion of curing for 51 gold pieces
 16757 | D:12     | Bought a potion of heal wounds for 85 gold pieces
 16757 | D:12     | Bought a potion of curing for 51 gold pieces
 16822 | D:12     | Got a translucent quarterstaff
 17330 | Orc:1    | Entered Level 1 of the Orcish Mines
 17417 | Orc:1    | Received a gift from Trog
 17418 | Orc:1    | Found a flagged portal.
 17569 | Bailey   | Entered a bailey
 18097 | Orc:1    | Noticed Erica
 18115 | Orc:1    | Killed Erica
 18241 | Orc:1    | Paralysed by an orc sorcerer for 6 turns
 18309 | Orc:1    | Reached skill level 10 in Shields
 18597 | Orc:2    | Entered Level 2 of the Orcish Mines
 19079 | Orc:1    | Upgraded the game from 0.27-a0-328-g7f782ed93a to
                  | 0.27-a0-333-gfa571bf19a
 19107 | Orc:2    | Found a staircase to the Elven Halls.
 19605 | Orc:2    | Noticed a stone giant
 19631 | Orc:2    | Killed a stone giant
 19918 | Orc:2    | Noticed Urug
 19936 | Orc:2    | Killed Urug
 20536 | Orc:2    | Reached XP level 14. HP: 129/129 MP: 13/13
 20541 | Orc:2    | Found Joaxzo's Assorted Antiques.
 20556 | Orc:2    | Found Imuucwej's Magic Scroll Shop.
 20559 | Orc:2    | Found Zomen's Armour Emporium.
 20572 | Orc:2    | Found Fotu's Book Boutique.
 20576 | Orc:2    | Bought a +0 buckler of cold resistance for 184 gold pieces
 20612 | Orc:2    | Bought a scroll of identify for 28 gold pieces
 20612 | Orc:2    | Bought a scroll of identify for 28 gold pieces
 20612 | Orc:2    | Bought a scroll of identify for 28 gold pieces
 20612 | Orc:2    | Bought a scroll of holy word for 105 gold pieces
 20612 | Orc:2    | Bought a scroll of teleportation for 42 gold pieces
 20612 | Orc:2    | Bought a scroll of teleportation for 42 gold pieces
 20612 | Orc:2    | Bought a scroll of teleportation for 42 gold pieces
 20612 | Orc:2    | Identified the +0 quarterstaff of the Scavenger {vorpal,
                  | *Slow rF+ rC+ Int+4} (You found it on level 12 of the
                  | Dungeon)
 20623 | Orc:2    | Bought a potion of heal wounds for 195 gold pieces
 21495 | D:10     | Bought a scroll of magic mapping for 49 gold pieces
 21565 | D:8      | Bought a scroll of fog for 54 gold pieces
 21565 | D:8      | Bought a scroll of identify for 54 gold pieces
 21565 | D:8      | Bought a potion of curing for 81 gold pieces
 21773 | D:13     | Found Pazxak's Assorted Antiques.
 21802 | D:13     | Bought a pair of gloves for 126 gold pieces
 21802 | D:13     | Bought a large ruby ring for 140 gold pieces
 21867 | D:13     | Noticed Nessos
 21880 | D:13     | Killed Nessos
 22814 | Lair:1   | Entered Level 1 of the Lair of Beasts
 23406 | Lair:1   | Found the +10 zealot's sword {holy, *Rage rN+ EV+3}
 23755 | Lair:2   | Found a frozen archway.
 23773 | IceCv    | Entered an ice cave
 24138 | IceCv    | Noticed a reaper
 24149 | IceCv    | Reached skill level 10 in Polearms
 24158 | IceCv    | Killed a reaper
 24552 | Lair:2   | Received a gift from Trog
 24753 | Lair:2   | Found a sacrificial altar of Ru.
 24984 | Orc:2    | Bought a scroll of identify for 78 gold pieces
 24984 | Orc:2    | Bought a scroll of identify for 78 gold pieces
 25586 | Lair:3   | Found a staircase to the Swamp.
 25703 | Lair:3   | Reached skill level 10 in Dodging
 26714 | Lair:4   | Found a gate leading to a gauntlet.
 26732 | Gauntlet | Entered a Gauntlet
 26732 | Gauntlet | Found a transporter.
 26732 | Gauntlet | Found a transporter.
 26759 | Gauntlet | Found a transporter.
 26762 | Gauntlet | Found a transporter.
 26772 | Gauntlet | Found a transporter.
 26807 | Gauntlet | Found a transporter.
 26817 | Gauntlet | Found a transporter.
 26825 | Gauntlet | Found a transporter.
 27081 | Gauntlet | Got a shimmering steel ring
 27108 | Gauntlet | Found a transporter.
 27175 | Lair:4   | Identified the ring of Umodgh {Fire rPois rN+++ Str-2
                  | Dex+6} (You found it in a Gauntlet)
 27228 | Lair:4   | Got a smoking war axe
 27303 | Lair:4   | Found a hole to the Spider Nest.
 27597 | Lair:4   | Reached XP level 15. HP: 125/138 MP: 14/14
 27949 | Lair:4   | Identified the +6 war axe of Certain Death {flame, Int+4}
                  | (You found it on level 4 of the Lair of Beasts)
 28353 | Lair:5   | Reached skill level 1 in Throwing
 29487 | Lair:6   | Entered Level 6 of the Lair of Beasts
 29758 | Lair:6   | Got an emerald-encrusted scale mail
 30285 | Lair:6   | Found a viscous altar of Jiyva.
 30286 | Lair:6   | Found a staircase to the Slime Pits.
 30742 | Lair:6   | Identified the +3 scale mail "Gicurchut" {*Slow Str+7} (You
                  | found it on level 6 of the Lair of Beasts)
 30796 | Spider:1 | Entered Level 1 of the Spider Nest
 32068 | Spider:1 | Identified a scroll of acquirement
 32069 | Spider:1 | Acquired the +1 pair of gloves of Arosk {+Blink Str+2
                  | Dex-3}
 32622 | Spider:1 | Killed a ghost moth
 32623 | Spider:1 | Reached XP level 16. HP: 143/147 MP: 1/15
 33109 | Spider:1 | Reached skill level 15 in Fighting
 33470 | Spider:2 | Reached skill level 15 in Armour
 34394 | Spider:2 | Noticed Azrael
 34514 | Spider:1 | Killed Azrael
 35935 | Spider:3 | Found a transporter.
 35941 | Spider:3 | Noticed a hellephant
 35942 | Spider:3 | Noticed Ifure's ghost (journeyman CeHu)
 35952 | Spider:3 | Found a one-way gate to the infinite horrors of the Abyss.
 35964 | Spider:3 | Noticed a tentacled starspawn
 35965 | Spider:3 | Found a transporter.
 36472 | Spider:4 | Entered Level 4 of the Spider Nest
 36930 | Spider:4 | Received a gift from Trog
 38602 | Spider:4 | Got a gossamer rune of Zot
 38960 | Swamp:1  | Entered Level 1 of the Swamp
 39185 | Orc:2    | Bought a potion of resistance for 390 gold pieces
 39185 | Orc:2    | Bought a wand of charming (7) for 78 gold pieces
 39311 | D:13     | Bought a scroll of identify for 56 gold pieces
 39311 | D:13     | Bought a scroll of blinking for 210 gold pieces
 39354 | D:12     | Bought a potion of haste for 170 gold pieces
 40003 | Swamp:2  | Reached XP level 17. HP: 59/157 MP: 16/16
 40013 | Swamp:1  | HP: 5/157 [spore (20)]
 40013 | Swamp:1  | Mangled by a spriggan rider

Illustrated notes

Levels and vault maps discovered:
D:1:      psy_arrival_heroes, layout_loops_corners
D:2:      layout_rooms, nicolae_overflow_crystal_walls,
          overflow_temple_1_default, serial_park_tiny_pond, uniq_natasha
D:3:      layout_basic, pdpol_wu_jian_five_deadly_venoms,
          chequers_ecumenical_altar_twisty, minmay_misc_feat_more_columns,
          kennysheep_generic_room_11
D:4:      layout_loops_ring, minmay_temple_entry_overgrown,
          nicolae_gozag_cash_rules_everything_around_me
D:5:      layout_rooms, enter_ossuary_5, ebering_ghost_rock_garden,
          corexii_leaking_fountain, minmay_pentangle
D:6:      layout_rooms, kennysheep_mini_moat, centaur_isle, uniq_sigmund,
          uniq_maggie, uniq_duvessa
D:7:      layout_rooms, grunt_qazlal_sundering, st_stairs_9, lemuel_angel_altar,
          uniq_crazy_yiuf_cottage
D:8:      layout_basic, lemuel_round_altar, serial_shops, nicolae_shop_trees,
          uniq_prince_ribbit1
D:9:      layout_roguey, grunt_ministairs_2
D:10:     minmay_imperfect_grid, layout_loops_corners, serial_ice, serial_ice_f,
          serial_ice_h, serial_ice_j, serial_ice_g, serial_ice_d, serial_ice_n,
          serial_ice_m, serial_ice_a, serial_shops, nicolae_shop_stone,
          corexii_checkpoint_b, minmay_nine_imps, uniq_psyche
D:11:     minmay_spotlight, layout_loops_ring, due_lair_maze_entry_diamond,
          minivault_24, minmay_statues_item
D:12:     layout_cave_pools, david_orc_3, serial_shops, shop
D:13:     layout_basic, serial_shops, nicolae_shop_waterfront, uniq_nessos
D:14:     wad_arrow_thing, layout_loops_ring,
          hangedman_vaults_entry_quadrant_bands, minmay_misc_feat_ornament,
          minmay_misc_feat_four_crosses, tso_metal_star
Lair:1:   layout_big_grid, st_stairs_6
Lair:2:   layout_roguey, basic_altar, portal_ice_cave_rime, lemuel_fruit_fields,
          serial_bayou_shore_a
Lair:3:   minmay_lair_venomous_thicket, layout_loops_ring, swamp_mist
Lair:4:   layout_gridlike, nicolae_spider_entry_orb_guardian,
          gauntlet_entry_generic, beast_lair_carwin_4, grunt_megastairs_5,
          lemuel_fruit_fields
Lair:5:   layout_layer_cave, infiniplex_staircase_pool
Lair:6:   grunt_lair_end_beastmaster, layout_misc_corridors, slime_altar_1,
          enter_volcano_3
Swamp:1:  layout_falls_marsh, serial_swamp_ruin, evilmike_swamp_ruin_house_3,
          evilmike_swamp_ruin_house_4, evilmike_swamp_ruin_house_2, swamp_pool1
Swamp:2:  layout_basic_swamp, ebering_ghost_disaster_area,
          infiniplex_staircase_pool_2, swamp_pool2, hangedman_swamp_blocks
Spider:1: layout_spider_delve, drop_trap
Spider:2: layout_spider_delve, special_room [special_room_bee], uniq_azrael
Spider:3: layout_spider_delve, gammafunk_ghost_abyssal_escape
Spider:4: spider_rune_water, nicolae_spider_webbed_stairs
Orc:1:    layout_caves, enter_bailey_5, uniq_erica
Orc:2:    st_orc_open, layout_diamond_mine, abandoned_shop, uniq_urug

Skill      XL: |  1  2  3  4  5  6  7  8  9 10 11 12 13 14 15 16 |
---------------+-------------------------------------------------+-----
Fighting       | 4 5 6 7 9 10 11 12 13 14 15 | 15.7
Maces & Flails | 4 5 6 7 9 10 11 12 13 | 13.9
Armour         | 3 4 5 6 7 8 9 11 12 13 14 15 | 15.7
Dodging        | 3 4 5 6 7 8 9 10 11 12 | 12.4
Evocations     | 2 3 4 5 6 7 8 |  8.6
Polearms       | 1 3 4 5 7 9 10 11 12 | 12.9
Shields        | 3 6 7 9 11 12 13 14 | 14.1
Throwing       | 3 4 |  4.4

Action                   |  1- 3 |  4- 6 |  7- 9 | 10-12 | 13-15 | 16-18 || total
-------------------------+-------+-------+-------+-------+-------+-------++-------
Melee: Mace              |    33 |       |       |       |       |       ||    33
       Headbutt          |     8 |    35 |    29 |   157 |   471 |   171 ||   871
       Whip              |    33 |   170 |   194 |   559 |       |       ||   956
       Unarmed           |       |       |     3 |       |       |       ||     3
       Lance             |       |       |       |   148 |  1583 |   653 ||  2384
Invok: Berserk           |     1 |     2 |     9 |    20 |    22 |    13 ||    67
       Trog's Hand       |       |     1 |     2 |    11 |    32 |    13 ||    59
       Brothers in Arms  |       |       |       |     1 |    16 |     6 ||    23
Evoke: Wand              |       |       |     1 |     4 |    19 |    29 ||    53
       Phantom mirror    |       |       |       |       |       |     1 ||     1
  Use: Scroll            |     4 |     9 |     9 |    12 |    25 |     7 ||    66
       Potion            |       |       |     1 |     7 |    14 |    12 ||    34
 Stab: Paralysed         |       |       |       |     1 |     5 |       ||     6
       Distracted        |       |       |       |       |       |     2 ||     2
Armor: Animal skin       |    15 |       |       |       |       |       ||    15
       Scale mail        |       |    32 |       |       |       |       ||    32
       Robe              |       |     5 |       |       |       |       ||     5
       Fire dragon scale |       |    26 |    87 |   308 |   140 |       ||   561
       Crystal plate arm |       |       |       |       |   596 |   595 ||  1191
Dodge: Dodged            |    46 |    88 |   128 |   375 |   951 |   447 ||  2035
Block: Buckler           |       |       |    13 |   154 |   697 |   488 ||  1352
       Reflection        |       |       |       |       |       |     6 ||     6

Table legend: (Time is in decaauts)
 A = Elapsed time spent in this place.
 B = Non-inter-level travel time spent in this place.
 C = Inter-level travel time spent in this place.
 D = Time resting spent in this place.
 E = Time spent auto-exploring this place.
 F = Levels seen in this place.
 G = Mean time per level.
                   A        B        C        D        E       F      G
               +--------+--------+--------+--------+--------+-----+--------+
         Total |  39347 |  37044 |   2303 |  11132 |  13383 |  32 | 1229.6 |
       Dungeon |  18585 |  17212 |   1373 |   5185 |   7820 |  14 | 1327.5 |
          Lair |   6903 |   6366 |    537 |    884 |   3219 |   6 | 1150.5 |
         Swamp |     64 |     64 |      0 |      0 |      0 |   2 |   32.0 |
   Spider Nest |   7880 |   7789 |     91 |   3337 |   1650 |   4 | 1970.0 |
  Orcish Mines |   3829 |   3528 |    301 |   1185 |    693 |   2 | 1914.5 |
       Ossuary |    460 |    460 |      0 |     89 |      0 |   1 |  460.0 |
        Bailey |    449 |    449 |      0 |     71 |      0 |   1 |  449.0 |
      Ice Cave |    759 |    759 |      0 |    380 |      0 |   1 |  759.0 |
      Gauntlet |    415 |    415 |      0 |      0 |      0 |   1 |  415.0 |
               +--------+--------+--------+--------+--------+-----+--------+

Top non-repeatable levels by time:
Spider:1: 3434 daAuts
   Orc:2: 2329 daAuts
Spider:4: 2308 daAuts
     D:9: 2244 daAuts
    D:11: 1837 daAuts
     D:6: 1806 daAuts
    D:10: 1787 daAuts
    D:12: 1711 daAuts
     D:7: 1664 daAuts
    D:13: 1602 daAuts
     D:8: 1544 daAuts
   Orc:1: 1500 daAuts
  Lair:5: 1456 daAuts
  Lair:3: 1321 daAuts
  Lair:6: 1206 daAuts
